 Dungeon Crawl Stone Soup version 0.18.1-5-g4a78601 (webtiles) character file.

39 Guinours the Grasshopper (level 3, -3/35 HPs)
             Began as a Troll Warper on May 11, 2016.
             Slain by an adder (4 damage)
             ... on level 2 of the Dungeon.
             The game lasted 00:07:24 (926 turns).

Guinours the Grasshopper (Troll Warper)              Turns: 926, Time: 00:07:25

Health: -3/35      AC:  2    Str: 20    XL:     3   Next: 28%
Magic:  4/4        EV: 10    Int:  9    God:
Gold:   124        SH:  0    Dex:  9    Spells: 1 memorised, 3 levels left

rFire  . . .     SeeInvis .     a - +1 mace
rCold  . . .     Gourm    +     p - +0 robe
rNeg   . . .     Faith    .     (no shield)
rPois  .         Spirit   .     (helmet restricted)
rElec  .         Dismiss  .     (no cloak)
rCorr  .         Reflect  .     (gloves unavailable)
SustAt .         Harm     .     (boots unavailable)
MR     .....                    (no amulet)
Stlth  +.........               r - -3 ring of protection (curse)
                                k - ring of wizardry

@: lethally poisoned (-3 -> -5), not resistant to hostile enchantments, very
unstealthy
A: unfitting armour, claws 3, fast metabolism 3, gourmand, regeneration 2,
shaggy fur 1, tough skin 2
a: no special abilities


You were on level 2 of the Dungeon.
You were very full.

You visited 1 branch of the dungeon, and saw 2 of its levels.

You collected 124 gold pieces.

Inventory:

Hand Weapons
 a - a +1 mace (weapon)
Missiles
 b - 6 steel tomahawks
 e - 5 tomahawks of dispersal (quivered)
Armour
 l - a +0 leather armour
 m - a +0 robe
 p - a +0 robe (worn)
Jewellery
 k - a ring of wizardry (left claw)
 r - a cursed -3 ring of protection (right claw)
Scrolls
 d - a scroll of blinking
 j - 2 scrolls of identify
 n - a scroll of noise {unknown}
 o - a scroll of amnesia {unknown}
Potions
 h - a potion of flight {unknown}
Books
 c - a book of Spatial Translocations

   Spells                             Type                      Level
   a - Apportation                    Translocation                1
   b - Blink                          Translocation                2
   c - Shroud of Golubria             Charms/Translocation         2
   d - Portal Projectile              Translocation                3
   e - Teleport Other                 Translocation                3
   f - Passage of Golubria            Translocation                4
Comestibles
 f - 2 bread rations
 g - a slice of pizza
 i - a royal jelly
 q - a chunk of flesh


   Skills:
 + Level 1.7 Fighting
 * Level 2.2 Maces & Flails
 + Level 0.8 Throwing
 + Level 2.1 Dodging
 - Level 1.3 Spellcasting
 - Level 2.6 Translocations


You had 3 spell levels left.
You knew the following spells:

 Your Spells              Type           Power        Failure   Level  Hunger
a - Apportation           Tloc           #.........   4%          1    ##.....


Dungeon Overview and Level Annotations

Branches:
Dungeon (2/15)

Altars:
Ashenzari
Okawaru


Innate Abilities, Weirdness & Mutations

You are too large for most types of armour.
You have claws for hands.
Your metabolism is lightning-fast.
You like to eat raw meat.
You heal very quickly.
You are covered in fur (AC +1).
You have very tough skin (AC +2).


Message History

You sock the adder!
The adder is almost dead.
You feel sick. The adder closely misses you. The adder bites you.
* * * LOW HITPOINT WARNING * * *
The adder bites you.
* * * LOW HITPOINT WARNING * * *
You are more poisoned.
The adder poisons you!
You barely miss the adder.
The adder is almost dead.
You feel sick. The adder bites you.
* * * LOW HITPOINT WARNING * * *
The adder closely misses you. The adder barely misses you. The adder bites you.
* * * LOW HITPOINT WARNING * * *
You closely miss the adder.
The adder is almost dead.
You feel sick. The adder bites you.
* * * LOW HITPOINT WARNING * * *
The adder bites you.
You die...

## #.#.# ##### .# #.#.#
#...# .# #.#.# #...#
.#####.#.#######...##
.............. ....>#
.##........#.# #...#
.##...[....#.###S..#
_.............$.@S.#
.#..............###.....
.##.......(.....# ###
.+....).....#.#...#
.#..........._..#.#
.#.)........#.#.#...
......#####....(# ...
......# ##.#### ...
......#


You could see 2 adders.

Vanquished Creatures
  An adder (D:2)
  A dart slug (D:1)
  3 giant cockroaches (D:1)
  5 goblins (D:1)
  3 hobgoblins
  A bat (D:1)
  2 giant newts
  6 kobolds
  6 rats
28 creatures vanquished.

Notes
Turn   | Place    | Note
--------------------------------------------------------------
     0 | D:1      | Guinours the Troll Warper began the quest for the Orb.
     0 | D:1      | Reached XP level 1. HP: 19/19 MP: 1/1
     2 | D:1      | Noticed a minotaur
     4 | D:1      | Noticed a dwarf
     6 | D:1      | Noticed a centaur
     7 | D:1      | Noticed an ogre
    11 | D:1      | Noticed a minotaur
    14 | D:1      | Noticed an elf
    16 | D:1      | Noticed a vine stalker
    17 | D:1      | Noticed a spriggan
    19 | D:1      | Noticed a felid
    19 | D:1      | Noticed an ogre
    21 | D:1      | Noticed a spriggan
    23 | D:1      | Noticed an elf
    23 | D:1      | Noticed a minotaur
    26 | D:1      | Noticed a draconian
   106 | D:1      | Reached XP level 2. HP: 25/27 MP: 2/2
   799 | D:2      | Reached XP level 3. HP: 8/35 MP: 4/4
   800 | D:2      | HP: 1/35 [hobgoblin/club (6)]
   882 | D:2      | Found a shattered altar of Ashenzari.
   908 | D:2      | Found an iron altar of Okawaru.
   926 | D:2      | HP: 1/35 [adder (2)]
   926 | D:2      | Slain by an adder

Skill      XL: |  1  2 |
---------------+-------+-----
Dodging        | 2 |  2.1
Maces & Flails | 2 |  2.2
Fighting       | |  1.7
Throwing       | |  0.8
Spellcasting   | |  1.3
Translocations | |  2.6

Action                   || total
-------------------------++-------
Melee: Mace              ||    70
  Use: Scroll            ||     3
  Eat: Chunk             ||    13
Armor: Robe              ||    39
Dodge: Dodged            ||    33
